 Dungeon Crawl Stone Soup version 0.23-a0-454-gae4fabde77 (webtiles) character file.

13239 MirrMurr the Slinger (level 12, 0/85 HPs)
             Began as a Halfling Hunter on Nov 24, 2018.
             Was a High Priest of Okawaru.
             Slain by a white ugly thing (22 damage)
             ... on level 11 of the Dungeon.
             The game lasted 00:28:02 (11615 turns).

MirrMurr the Slinger (Halfling Hunter)             Turns: 11615, Time: 00:28:02

Health: 0/85       AC: 14    Str: 17    XL:     12   Next: 30%
Magic:  15/15      EV: 17    Int:  9    God:    Okawaru [*****.]
Gold:   828        SH:  0    Dex: 16    Spells: 11/11 levels left

rFire    . . .     SeeInvis .   a - +3 hunting sling
rCold    . . .     Gourm    .   (shield restricted)
rNeg     . . .     Faith    .   e - +3 ring mail
rPois    .         Spirit   .   c - +1 helmet
rElec    .         Reflect  .   (no cloak)
rCorr    +         Harm     .   p - +0 pair of gloves
MR       .....                  u - +0 pair of boots
Stlth    ++........             (no amulet)
HPRegen  0.24/turn              P - ring of resist corrosion
MPRegen  0.14/turn              L - +3 ring of slaying

@: no status effects
A: small, mutation resistance 1
a: Heroism, Finesse, Renounce Religion


You were on level 11 of the Dungeon.
You worshipped Okawaru.
Okawaru was extremely pleased with you.
You were not hungry.

You visited 2 branches of the dungeon, and saw 12 of its levels.

You collected 828 gold pieces.

Inventory:

Hand Weapons
 a - a +3 hunting sling (weapon)
 b - a +1 short sword of venom
 q - a +0 blowgun
 w - a +2 short sword of speed
Missiles
 d - 71 sling bullets
 l - 32 poisoned needles
 o - 263 stones (quivered)
 z - a throwing net {!f}
 M - 3 curare-tipped needles
Armour
 c - a +1 helmet (worn)
 e - a +3 ring mail (worn)
 p - a +0 pair of gloves (worn)
 u - a +0 pair of boots (worn)
 I - a +0 plate armour
Jewellery
 t - a +2 ring of strength
 L - a +3 ring of slaying (right hand)
 N - an uncursed ring of ice
 P - a ring of resist corrosion (left hand)
Wands
 s - a wand of polymorph (12)
 y - a wand of disintegration (14)
 A - a wand of flame (8)
 F - a wand of paralysis (9)
 H - a wand of clouds (5)
 K - a wand of enslavement (3)
 Q - a wand of iceblast (10)
Scrolls
 i - 3 scrolls of identify
 j - 7 scrolls of teleportation
 r - 12 scrolls of remove curse
 v - a scroll of enchant armour
 x - 2 scrolls of noise {unknown}
 B - 3 scrolls of amnesia
 C - a scroll of blinking
 D - 3 scrolls of enchant weapon
 G - 2 scrolls of magic mapping
Potions
 g - 2 potions of flight
 h - a potion of magic
 k - 2 potions of mutation
 m - a potion of brilliance
 n - a potion of curing
 E - a potion of haste
 O - a potion of heal wounds {unknown}
Comestibles
 f - 18 rations
 J - 5 chunks of flesh


   Skills:
 + Level 9.2 Fighting
 + Level 7.4 Short Blades
 - Level 12.7(14.0) Slings
 - Level 7.3(9.4) Throwing
 + Level 7.1 Armour
 + Level 6.3 Dodging
 - Level 4.2 Stealth
 + Level 4.6 Invocations


You had 11 spell levels left.
You didn't know any spells.
Your spell library contained the following spells:

 Spells                   Type           Power        Failure   Level  Hunger
 Magic Dart               Conj           #...         56%         1    ##.....
 Searing Ray              Conj           #.....       71%         2    ###....
 Dazzling Spray           Conj/Hex       #.....       90%         3    ####...
 Force Lance              Conj/Tloc      #.......     100%        4    #####..
 Fulminant Prism          Conj/Hex       #.........   100%        4    #####..
 Iskenderun's Mystic Bla  Conj           #.......     100%        4    #####..


Dungeon Overview and Level Annotations

Branches:
Dungeon (11/15)            Temple (1/1) D:6            Lair (0/6) D:9
    Orc (0/2) D:9

Altars:
Ashenzari
Cheibriados
Dithmenos
Elyvilon
Fedhas
Gozag
Hepliaklqana
Kikubaaqudgha
Makhleb
Nemelex Xobeh
Okawaru
Qazlal
Ru
Sif Muna
Uskayaw
Vehumet
Wu Jian
Xom
Zin
The Shining One
Beogh


Innate Abilities, Weirdness & Mutations

You are small and have problems with some larger weapons.
You are somewhat resistant to further mutation.


Message History

Aim: a white ugly thing (almost dead)
You shoot a stone.
The stone closely misses the white ugly thing.
The white ugly thing tentacle-slaps you but does no damage.
Firing (i - inventory. (/) - cycle)
o - 264 stones (quivered)
Press: ? - help, Shift-Dir - straight line, f/p - white ugly thing
Aim: a white ugly thing (severely wounded)
You shoot a stone.
The stone barely misses the white ugly thing.
The white ugly thing tentacle-slaps you.
The white ugly thing freezes you!!
You are too injured to fight recklessly!
You are too injured to fight recklessly!
You are too injured to fight recklessly!
You are too injured to fight recklessly!
The white ugly thing tentacle-slaps you but does no damage.
The white ugly thing tentacle-slaps you!
* * * LOW HITPOINT WARNING * * *
The white ugly thing freezes you!!
You die...

#......########.((((((
#......# ######. #......#
#......# ###.#### #...##
###..# ##u## #.@# #######
########.## ##......
#.........########..#####
#.........##.......##
#.........#..#######
#.......รท...##
#)........### ###########


You could see a white ugly thing.

Vanquished Creatures
  Erolcha (D:10)
  Fannar (D:10)
  3 two-headed ogres
  Sonja (D:10)
  Psyche (D:11)
  A hippogriff (D:8)
  8 yaks
  A wyvern (D:11)
  Eustachio (D:6)
  2 hungry ghosts
  3 porcupines (D:9)
  A hornet zombie (D:6)
  5 orc warriors
  3 sky beasts
  A black bear (D:9)
  A necrophage (D:6)
  2 ice beasts
  13 ogres
  3 phantoms
  An eye of draining (D:10)
  6 centaurs
  4 crocodiles (D:9)
  A big kobold (D:7)
  8 bullfrogs
  4 scorpions
  9 wights
  4 howler monkeys
  4 crimson imps
  3 hounds
  Crazy Yiuf (D:5)
  14 orc priests
  2 centaur skeletons
  3 jellies
  3 bullfrog skeletons
  Jessica (D:2)
  3 iguanas
  12 orc wizards
  8 worker ants
  A killer bee zombie (D:7)
  5 hound zombies
  4 hound skeletons
  2 howler monkey zombies (D:7)
  3 worker ant zombies (D:6)
  4 gnolls
  9 adders
  3 shadow imps
  An ooze (D:8)
  An adder zombie (D:6)
  2 adder skeletons
  2 worms
  3 dart slugs
  3 leopard geckos
  35 orcs
  A ball python (D:4)
  5 bats
  5 giant cockroaches
  4 hobgoblins
  5 jackals
  5 quokkas
  5 frilled lizards
  21 goblins
  A jackal skeleton (D:5)
  9 kobolds
  2 leopard gecko skeletons
  2 quokka skeletons (D:6)
  4 rats
  2 plants
292 creatures vanquished.

Vanquished Creatures (others)
  2 fungi (D:9)
  3 plants
5 creatures vanquished.

Grand Total: 297 creatures vanquished

Notes
Turn   | Place    | Note
-------+----------+-------------------------------------------
     0 | D:1      | MirrMurr the Halfling Hunter began the quest for the Orb.
     0 | D:1      | Reached XP level 1. HP: 14/14 MP: 1/1
   115 | D:1      | Reached skill level 6 in Slings
   225 | D:1      | Reached XP level 2. HP: 19/19 MP: 2/2
   339 | D:1      | Reached skill level 1 in Short Blades
   518 | D:1      | Reached XP level 3. HP: 24/24 MP: 3/3
  1175 | D:2      | Noticed an ogre
  1582 | D:2      | Noticed Jessica
  1590 | D:2      | Killed Jessica
  1590 | D:2      | Reached skill level 1 in Throwing
  1590 | D:2      | Reached skill level 1 in Armour
  1590 | D:2      | Reached XP level 4. HP: 29/29 MP: 4/4
  1814 | D:2      | Killed an ogre
  1814 | D:2      | Reached XP level 5. HP: 17/35 MP: 5/5
  2052 | D:3      | Reached XP level 6. HP: 39/41 MP: 6/6
  2476 | D:3      | Noticed an ogre
  2494 | D:3      | Killed an ogre
  2904 | D:4      | Reached XP level 7. HP: 35/46 MP: 7/7
  2916 | D:4      | Reached skill level 7 in Slings
  3394 | D:4      | Reached skill level 8 in Slings
  3668 | D:5      | Entered Level 5 of the Dungeon
  3736 | D:5      | Reached XP level 8. HP: 53/53 MP: 8/8
  3891 | D:5      | Found a shattered altar of Ashenzari.
  4084 | D:5      | Found a runed door.
  4132 | D:5      | Reached skill level 9 in Slings
  4452 | D:5      | Noticed Crazy Yiuf
  4531 | D:5      | Killed Crazy Yiuf
  4753 | D:6      | Noticed a two-headed ogre
  4764 | D:6      | Killed a two-headed ogre
  4764 | D:6      | Reached skill level 11 in Slings
  4764 | D:6      | Reached XP level 9. HP: 59/59 MP: 9/9
  4837 | D:6      | Noticed Eustachio
  4847 | D:6      | Killed Eustachio
  4847 | D:6      | Reached skill level 5 in Fighting
  4855 | D:6      | Reached skill level 5 in Throwing
  5031 | D:6      | Found a staircase to the Ecumenical Temple.
  5061 | Temple   | Entered the Ecumenical Temple
  5605 | D:6      | Reached XP level 10. HP: 68/68 MP: 10/10
  5888 | D:6      | Found a snail-covered altar of Cheibriados.
  5890 | D:6      | Found a sparkling altar of Nemelex Xobeh.
  7203 | D:8      | Found an iron altar of Okawaru.
  7215 | D:8      | Became a worshipper of Warmaster Okawaru
  7295 | D:8      | Found a sparkling altar of Nemelex Xobeh.
  7444 | D:8      | Reached skill level 5 in Armour
  7512 | D:8      | Found the +8 mithril axe "Arga" {speed, MR+}
  7680 | D:8      | Noticed a two-headed ogre
  7693 | D:8      | Killed a two-headed ogre
  7693 | D:8      | Reached * piety under Okawaru
  7693 | D:8      | Reached skill level 5 in Short Blades
  7693 | D:8      | Reached XP level 11. HP: 77/77 MP: 11/11
  7884 | D:8      | Found an ancient bone altar of Kikubaaqudgha.
  8052 | D:8      | Reached ** piety under Okawaru
  8413 | D:9      | Reached skill level 1 in Invocations
  8581 | D:9      | Reached skill level 12 in Slings
  8602 | D:9      | Found a staircase to the Lair.
  8719 | D:9      | Reached *** piety under Okawaru
  9018 | D:9      | Found a staircase to the Orcish Mines.
  9058 | D:9      | Found a roughly hewn altar of Beogh.
  9380 | D:9      | Reached skill level 5 in Dodging
  9796 | D:10     | Entered Level 10 of the Dungeon
 10078 | D:10     | Found an opulent altar of Gozag.
 10251 | D:10     | Noticed Sonja
 10282 | D:10     | Killed Sonja
 10282 | D:10     | Reached **** piety under Okawaru
 10427 | D:10     | Noticed Erolcha
 10438 | D:10     | Killed Erolcha
 10531 | D:10     | Noticed Fannar
 10646 | D:10     | Killed Fannar
 10646 | D:10     | Reached XP level 12. HP: 58/84 MP: 14/14
 11358 | D:11     | Noticed a two-headed ogre
 11369 | D:11     | Killed a two-headed ogre
 11481 | D:11     | Noticed Psyche
 11496 | D:11     | Killed Psyche
 11496 | D:11     | Received a gift from Okawaru
 11541 | D:11     | Reached ***** piety under Okawaru
 11615 | D:11     | Slain by a white ugly thing

Vault maps used:
D:1:      nicolae_arrival_washed_ashore
D:2:      serial_bayou, serial_bayou_pond_c, serial_bayou_shore_a,
          serial_bayou_pond_e, serial_bayou_lagoon_a, uniq_jessica
D:3:      first_ration, minmay_ogre_servants
D:4:      nicolae_overflow_hidden_temple
D:5:      nicolae_ashenzari_panopticon, uniq_crazy_yiuf_cottage
D:6:      hangedman_cross_stitches, chequers_temple_overflow_statue_of_worship,
          minmay_temple_entry_statues_pillars, serial_undead, serial_undead_f,
          serial_undead_e, serial_undead_a, serial_undead_c, uniq_eustachio
D:7:      minmay_bubble_buster, minmay_misc_feat_diagonals
D:8:      kiku_gazebo_garden_becter, kennysheep_okawaru_gauntlet,
          grunt_pizzeria, nemelex_dance_club_becter
D:9:      minmay_lair_entry_grove, minmay_orc_entry_temple_small
D:10:     nicolae_gozag_cash_rules_everything_around_me, uniq_erolcha,
          uniq_sonja, uniq_fannar
D:11:     uniq_psyche
Temple:   eino_temple_rhombus

Skill      XL: |  1  2  3  4  5  6  7  8  9 10 11 12 |
---------------+-------------------------------------+-----
Slings         | 6 8 11 12 | 12.7
Short Blades   | 1 2 3 5 6 7 |  7.4
Fighting       | 2 3 4 6 8 9 |  9.2
Throwing       | 1 2 3 4 6 7 |  7.3
Armour         | 1 2 3 4 5 6 7 |  7.1
Dodging        | 3 4 5 6 |  6.3
Stealth        | 2 3 4 |  4.2
Invocations    | 3 4 |  4.6

Action                   |  1- 3 |  4- 6 |  7- 9 | 10-12 || total
-------------------------+-------+-------+-------+-------++-------
Melee: Short sword       |    61 |    63 |    33 |   102 ||   259
       Hunting sling     |       |       |     1 |       ||     1
 Fire: Hunting sling     |    42 |   105 |   375 |   679 ||  1201
       Blowgun           |       |       |       |     6 ||     6
Invok: Heroism           |       |       |       |     1 ||     1
  Use: Scroll            |     8 |     3 |     3 |     4 ||    18
       Potion            |       |       |       |     1 ||     1
 Stab: Sleeping          |       |       |       |     2 ||     2
  Eat: Chunk             |     2 |     4 |     8 |    15 ||    29
       Ration            |       |       |       |     1 ||     1
Armor: Ring mail         |    31 |     6 |    38 |    64 ||   139
Dodge: Dodged            |    44 |    13 |    54 |   125 ||   236

Table legend:
 A = Non-vault XP
 B = Vault XP
 C = Vault XP percentage of total XP
 D = Non-vault monster count
 E = Vault monster count
 F = Vault count percentage of total count
                 A         B        C        D         E       F
            +---------+---------+-------+---------+---------+-------
      Total |   10929 |    7985 |  42.2 |     215 |      75 |  25.9
            +---------+---------+-------+---------+---------+-------
        D:1 |      33 |       0 |   0.0 |      21 |       0 |   0.0
        D:2 |     141 |      37 |  20.8 |      10 |       1 |   9.1
        D:3 |     127 |     135 |  51.5 |      19 |       9 |  32.1
        D:4 |     507 |       0 |   0.0 |      27 |       0 |   0.0
        D:5 |     348 |      41 |  10.5 |      19 |       1 |   5.0
        D:6 |    1809 |     970 |  34.9 |      22 |      19 |  46.3
        D:7 |     823 |     886 |  51.8 |      25 |      15 |  37.5
        D:8 |    2442 |     262 |   9.7 |      26 |       5 |  16.1
        D:9 |    1191 |    2444 |  67.2 |      15 |      21 |  58.3
       D:10 |    1052 |    2776 |  72.5 |      15 |       3 |  16.7
       D:11 |    2456 |     434 |  15.0 |      16 |       1 |   5.9
            +---------+---------+-------+---------+---------+-------
